 Dungeon Crawl Stone Soup version 0.31-a0-1321-g5021b54 (webtiles) character file.

Game seed: 9165945798153654000

58 Meow the Conjurer (level 4, 36/36 HPs)
             Began as a Naga Conjurer on Dec 20, 2023.
             Quit the game on level 3 of the Dungeon.
             The game lasted 00:03:07 (1665 turns).

Meow the Conjurer (Naga Conjurer)                   Turns: 1665, Time: 00:03:08

Health: 36/36      AC:  5    Str: 10    XL:     4   Next: 1%
Magic:  10/17      EV:  9    Int: 20    God:
Gold:   78         SH:  0    Dex:  9    Spells: 6/9 levels left

rFire   . . .        a - +0 long sword
rCold   . . .        (no shield)
rNeg    . . .        e - +0 robe
rPois   +            (no helmet)
rElec   .            (no cloak)
rCorr   .            o - +2 pair of gloves
SInv    +            (no barding)
Will    .....        (no amulet)
Stlth   ++           d - ring of magical power
HPRegen 0.26/turn    (no ring)
MPRegen 0.15/turn

%: no passive effects
@: very slow
A: AC +1, large, see invisible, deformed body, poison resistance, slowness 2,
spit poison 1, naga tail 1
a: Spit Poison


You were on level 3 of the Dungeon.
You visited 1 branch of the dungeon, and saw 3 of its levels.

You collected 78 gold pieces.

Inventory:

Hand Weapons
 a - a +0 long sword (weapon)
 j - a +4 short sword of draining
Missiles
 f - 3 poisoned darts
 h - 20 stones
Armour
 e - a +0 robe (worn)
 o - a +2 pair of gloves (worn)
Jewellery
 d - a ring of magical power (left hand)
Scrolls
 m - a scroll of teleportation {unknown}
 n - a scroll of immolation {unknown}
Potions
 b - a potion of magic
 c - a potion of curing {unknown}
 g - a potion of lignification {unknown}
 i - a potion of resistance {unknown}
 k - a potion of invisibility {unknown}
 l - 2 potions of heal wounds {unknown}
 p - a potion of brilliance {unknown}
 q - a potion of haste {unknown}


   Skills:
 - Level 1.5 Dodging
 - Level 3.0 Stealth
 + Level 3.0 Spellcasting
 + Level 4.7 Conjurations


You had 6 spell levels left.
You knew the following spells:

 Your Spells              Type           Power      Damage    Failure   Level
a - Magic Dart            Conj           88%        1d7       1%          1
b - Searing Ray           Conj           44%        2d6       3%          2

Your spell library contained the following spells:

 Spells                   Type           Power      Damage    Failure   Level
 Fulminant Prism          Conj/Alch      6%         3d7       47%         4
 Iskenderun's Mystic Bla  Conj/Tloc      12%        2d5       47%         4


Dungeon Overview and Level Annotations

Branches:
Dungeon (3/15)

Altars:


Innate Abilities, Weirdness & Mutations

Your serpentine skin is tough. (AC +1)
You have supernaturally acute eyesight. (SInv)
Armour fits poorly on your strangely shaped body.
Your system is resistant to poisons. (rPois)
You cover ground very slowly.
You can spit poison.
You have a snake-like lower body.


Message History

An orc comes into view. It is wielding a +0 mace.
Aiming: Spit Poison (2% risk of failure)
Press: ? - help, Shift-Dir - straight line, f - orc
Aim: an orc, wielding a +0 hand axe (asleep, 100% to hit)
The splash of poison hits the orc.
The orc is poisoned.
The orc is moderately wounded.
The orc shouts!
A hobgoblin comes into view.
Casting: Searing Ray (safe; 3% risk of failure)
Confirm with . or Enter, or press ? or * to list all spells.
Aiming: Searing Ray (safe; 3% risk of failure)
Press: ? - help, Shift-Dir - straight line, f/p - orc
Aim: an orc, wielding a +0 hand axe (heavily wounded, poisoned, 78% to hit)
The searing ray misses the orc. (Press . to maintain the ray.)
The orc shouts!
The hobgoblin shouts!
An orc comes into view. It is wielding a +0 trident.
The searing ray misses the orc.
The searing ray hits the orc!
You kill the orc!
You have got your breath back.
The searing ray misses the orc.
The searing ray hits the hobgoblin.
The hobgoblin is almost dead.
The orc shouts!
You kill the orc!
The searing ray hits the hobgoblin.
You kill the hobgoblin!
You finish channelling your searing ray.
Unknown command.
Casting: Searing Ray (safe; 3% risk of failure)
Confirm with . or Enter, or press ? or * to list all spells.
Aiming: Searing Ray (safe; 3% risk of failure)
Press: ? - help, Shift-Dir - straight line, f - orc
Aim: an orc, wielding a +0 trident (78% to hit)
The searing ray hits the orc!
You kill the orc! (Press . to maintain the ray.)
You have reached level 4!
You feel stronger.
Unknown command.
Are you sure you want to abandon this character and quit the game? (Confirm with "yes".)

#..#.# #..#.# # #..#.#
#.. #####..#.# ....
.......#.#
#....######...#.####.#
....)†)...............
##.###.......<#.####.#
#...@....#.#
#.....##.#.#
............#^#
##...########.# #...
.# #... .. ..... #.##


There were no monsters in sight!

Vanquished Creatures
  A worm (D:2)
  A dart slug (D:2)
  4 orcs
  4 bats
  5 endoplasms
  A giant cockroach (D:1)
  4 hobgoblins
  2 jackals (D:2)
  3 kobolds (D:1)
  2 quokkas
  5 ball pythons
  4 frilled lizards
  3 goblins
  6 rats
45 creatures vanquished.

Notes
Turn   | Place    | Note
-------+----------+-------------------------------------------
     0 | D:1      | Meow the Naga Conjurer began the quest for the Orb.
     0 | D:1      | Reached XP level 1. HP: 15/15 MP: 3/3
   354 | D:1      | Reached XP level 2. HP: 22/22 MP: 5/5
   357 | D:1      | Learned a level 2 spell: Searing Ray
   870 | D:2      | Reached XP level 3. HP: 28/28 MP: 6/6
  1661 | D:3      | Reached XP level 4. HP: 36/36 MP: 8/8
  1665 | D:3      | Quit the game

Illustrated notes

Levels and vault maps discovered:
D:1:      amcnicky_arrival_choice, layout_rooms, nrook_mini_vaults, hex_medium
D:2:      layout_loops_ring, chequers_serial_rivers_micro_b, amethyst_killhole
D:3:      layout_basic, serial_shops, shop, uniq_robin

Skill      XL: |  1  2  3 |
---------------+----------+-----
Spellcasting   | 3 |  3.0
Dodging        | |  1.5
Stealth        | |  3.0
Conjurations   | |  4.7

Action                     |  1- 3 |  4- 6 || total
---------------------------+-------+-------++-------
  Melee: Long sword        |     2 |       ||     2
   Cast: Magic Dart        |    38 |       ||    38
         Searing Ray       |    10 |       ||    10
Ability: Spit Poison       |    18 |       ||    18
 Armour: Robe              |     2 |       ||     2

Table legend: (Time is in decaauts)
 A = Elapsed time spent in this place.
 B = Non-inter-level travel time spent in this place.
 C = Inter-level travel time spent in this place.
 D = Time resting spent in this place.
 E = Time spent auto-exploring this place.
 F = Levels seen in this place.
 G = Mean time per level.
                   A        B        C        D        E       F      G
               +--------+--------+--------+--------+--------+-----+--------+
         Total |   2158 |   2041 |    117 |    300 |   1464 |   3 |  719.3 |
       Dungeon |   2158 |   2041 |    117 |    300 |   1464 |   3 |  719.3 |
               +--------+--------+--------+--------+--------+-----+--------+

Top non-repeatable levels by time:
     D:2: 1128 daAuts
     D:1: 1006 daAuts
     D:3: 23 daAuts
